 Dungeon Crawl Stone Soup version 0.01-2115-ge649c80b0b (webtiles) character file.

Game seed: 7209644048419806991, levelgen mode: deterministic

373 Lanoc the Slasher (level 6, -1/32 HPs) Vine Stalker Demonspawn. Began on June 5, 2020. Splashed by a jelly's acid (2 damage) ... on level 2 of the Dungeon. The game lasted 00:02:58 (863 turns).

Lanoc the Slasher (Vine Stalker Demonspawn)          Turns: 863, Time: 00:02:59

Health: -1/32      AC:  3    Str: 17    XL:     6 ^: 83
Magic:  0/10       EV: 13    Int: 12    God:
Gold:   85         SH:  0    Dex: 15    Spells: 8/9 levels left

rFire    . . .     Vision   .   a - +0 long sword
rCold    . . .     Gourm    .   (no weapon)
rNeg     + . .     Faith    .   b - +0 leather armour
rPois    .         Spirit   +   (helmet restricted)
rElec    .         Reflect  .   (no cloak)
rCorr    .         Harm     .   (no gloves)
MR       .....                  (no boots)
Stlth    ++........             (no amulet)
HPRegen  0.60/turn              e - ring of positive energy
MPRegen  0.20/turn              (no ring)

@: no status effects
A: fangs 2, horns 1, regeneration 1, spiny 1, magic shield, antimagic bite, no
potion heal 3, rot immunity
a: no special abilities


You were on level 2 of the Dungeon.
You were hungry.

You visited 1 branch of the dungeon, and saw 2 of its levels.

You collected 85 gold pieces.

Inventory:

Weapons
 a - a +0 long sword (weapon)
Armour
 b - a +0 leather armour (worn)
Jewellery
 e - a ring of positive energy (left hand)
Scrolls
 f - a scroll of immolation
 g - a scroll of enchantment
 h - a scroll of amnesia
Potions
 c - 2 potions of cancellation
Comestibles
 d - 4 rations


   Skills:
 + Level 3.1 Fighting
 * Level 4.3 Long Blades
 + Level 3.4 Dodging
 - Level 2.4 Stealth
 - Level 2.1 Spellcasting
   Level 2.6 Invocations


You had 8 spell levels left.
You knew the following spells:

 Your Spells              Type           Power        Failure   Level  Hunger
a - Flame Tongue          Fire           1 (40)       30%         1    ##.....

Your spell library contained the following spells:

 Spells                   Type           Power        Failure   Level  Hunger
 Blink                    Tloc           N/A          41%         2    ###....
 Call Imp                 Summ           1 (100)      41%         2    ###....
 Slow                     Hex            1 (100)      41%         2    ###....
 Conjure Flame            Fire           1 (100)      65%         3    ####...
 Mephitic Cloud           Pois/Air       1 (100)      65%         3    ####...


Dungeon Overview and Level Annotations

Branches:
Dungeon (2/8)

Altars:


Innate Abilities, Weirdness & Mutations

You have extremely sharp teeth.
You have a pair of small horns on your head.
Your natural rate of healing is unusually fast.
You are partially covered in sharp spines.
When hurt, damage is shared between your health and your magic reserves.
Your bite disrupts and absorbs the magic of your enemies.
Potions cannot restore your health.
You are immune to rotting.


Message History

Moving in this stuff is going to be slow.
The sewer rat bites you (4).
* * * LOW HITPOINT WARNING * * *
The sewer rat is struck by your spines. The sewer rat bites you (7)!
* * * LOW HITPOINT WARNING * * *
Okay, then.
The sewer rat is struck by your spines. The sewer rat barely misses you (0).
You riposte.
You closely miss the sewer rat. You hit the sewer rat (2).
The sewer rat is almost dead. (1/10) HP You barely miss the sewer rat.
You headbutt the sewer rat, but do no damage.
Your bite misses the sewer rat.
The sewer rat is almost dead. (1/10) HP The sewer rat is struck by your spines.
You kill the sewer rat!
The sewer rat is struck by your spines. The sewer rat bites you (6).
* * * LOW HITPOINT WARNING * * *
You hit the jelly (6).
Your hands burn!
You die...

≈≈≈≈.≈PPPP ≈≈≈..≈≈≈PP≈
≈≈..≈≈≈≈P≈P≈≈ ≈≈≈≈≈≈≈≈≈≈
≈≈≈..≈≈PPP≈≈≈ ≈≈≈≈≈≈≈≈
≈≈≈≈≈.P..PP≈≈ ≈≈≈≈≈≈≈≈≈≈
≈≈≈≈≈≈..P.≈ ≈≈≈≈≈≈≈≈P. ≈†.≈≈≈≈P.P
≈≈≈≈≈≈≈≈P.P ≈#..≈≈P≈P# ####
#.≈≈≈≈≈P..### ###...≈P.# #≈@##
#≈≈≈≈PPP††≈# #.≈....# #rrJ##
#≈≈≈P≈≈P....
#.≈≈P≈.######.≈.r###≈≈≈≈≈≈≈....
###≈≈≈≈≈.##.≈≈##...≈##≈≈≈≈≈≈≈..##
#≈#≈≈≈≈≈.#....≈#≈...≈#≈≈≈≈≈≈≈.#≈≈
≈##≈≈≈≈≈...###.##...≈≈≈≈≈≈≈≈≈.#≈.
###≈≈≈≈≈..##....##≈..#.≈≈≈....#≈#
# #≈≈≈≈≈.##.....≈##.≈≈≈....≈≈..##
#≈≈≈≈≈≈##.....P.##.#≈≈≈.≈≈≈...#


You could see a jelly and 3 sewer rats.

Vanquished Creatures
  A big kobold (D:2)
  2 jellies
  3 adders (D:1)
  11 sewer rats (D:2)
  9 cinder newts
  A dart slug (D:1)
  A leopard gecko (D:1)
  7 giant cockroaches (D:1)
  6 goblins (D:1)
  5 hobgoblins (D:1)
  A ball python (D:1)
  4 bats (D:1)
  13 kobolds
  4 rats (D:1)
68 creatures vanquished.

Vanquished Creatures (others)
  An adder (D:2)
  An adder skeleton (D:2)
  A bat (D:2)
3 creatures vanquished.

Grand Total: 71 creatures vanquished

Notes
Turn   | Place    | Note
-------+----------+-------------------------------------------
     0 | D:1      | Lanoc the Vine Stalker Demonspawn began the quest for the
                  | Orb.
     0 | D:1      | Reached XP level 1. HP: 11/11 MP: 4/4
    30 | D:1      | Reached skill level 2 in Long Blades
    35 | D:1      | Gained mutation: You are partially covered in sharp spines.
                  | [demonic ancestry]
    35 | D:1      | Reached XP level 2. HP: 15/15 MP: 6/6
   108 | D:1      | Reached XP level 3. HP: 16/18 MP: 5/7
   177 | D:1      | Gained mutation: You have a pair of small horns on your
                  | head. [demonic ancestry]
   177 | D:1      | Gained mutation: Your natural rate of healing is unusually
                  | fast. [Vine Stalker growth]
   177 | D:1      | Reached XP level 4. HP: 23/23 MP: 8/8
   358 | D:1      | Reached skill level 3 in Long Blades
   647 | D:2      | Reached XP level 5. HP: 27/27 MP: 9/9
   760 | D:2      | Reached XP level 6. HP: 24/32 MP: 7/10
   775 | D:2      | Reached skill level 4 in Long Blades
   854 | D:2      | HP: 1/32 [sewer rat (5)]
   862 | D:2      | HP: 1/32 [sewer rat (5)]
   863 | D:2      | Splashed by a jelly's acid

Levels and vault maps discovered:
D:1:      psy_arrival_whirlpool, layout_loops_ring, first_ration,
          gup_sewer_entry_glass
D:2:      layout_sewer, lightli_temple_of_fire, serial_shops, shop,
          uniq_jessica, uniq_menkaure

Skill      XL: |  1  2  3  4  5  6 |
---------------+-------------------+-----
Long Blades    | 2 3 4 |  4.3
Fighting       | 2 3 |  3.1
Dodging        | 3 |  3.4
Stealth        | |  2.4
Spellcasting   | |  2.1
Invocations    | |  2.6

Action                   |  1- 3 |  4- 6 || total
-------------------------+-------+-------++-------
Melee: Long sword        |    33 |    70 ||   103
       Unarmed           |    27 |    51 ||    78
       Bite              |     3 |    16 ||    19
       Headbutt          |       |    18 ||    18
 Stab: Sleeping          |     1 |     5 ||     6
Armor: Leather armour    |     9 |    12 ||    21
Dodge: Dodged            |    32 |    71 ||   103
       Rpst.: Long sword |    13 |    26 ||    39
       Unarmed           |     6 |    18 ||    24
